 Dungeon Crawl Stone Soup version 0.29.1-13-g9f3cf754e1 (webtiles) character file.

Game seed: 6025964052916073192

0 DantalionR the Chiller (level 1, 0/13 HPs)
             Began as a Human Ice Elementalist on Jan 25, 2023.
             Slain by a ball python (1 damage)
             ... on level 1 of the Dungeon.
             The game lasted 00:03:19 (45 turns).

DantalionR the Chiller (Human Ice Elementalist)       Turns: 45, Time: 00:03:19

Health: 0/13       AC:  2    Str:  8    XL:     1   Next: 11%
Magic:  1/3        EV:  9    Int: 15    God:
Gold:   6          SH:  0    Dex: 13    Spells: 3/4 levels left

rFire   . . .      SeeInvis .   (no weapon)
rCold   . . .      Faith    .   (no shield)
rNeg    . . .      Spirit   .   a - +0 robe
rPois   .          Reflect  .   (no helmet)
rElec   .          Harm     .   (no cloak)
rCorr   .          Rampage  .   (no gloves)
Will    .....                   (no boots)
Stlth   ++........              (no amulet)
HPRegen 0.04/turn               (no ring)
MPRegen 0.08/turn               (no ring)

@: constricted
A: no striking features
a: no special abilities


You were on level 1 of the Dungeon.
You visited 1 branch of the dungeon, and saw 1 of its levels.

You collected 6 gold pieces.

Inventory:

Armour
 a - a +0 robe (worn)
Potions
 b - a potion of magic
 c - a potion of lignification {unknown}


   Skills:
 + Level 2.0 Dodging
 - Level 2.0 Stealth
 * Level 2.0 Spellcasting
 + Level 4.0 Ice Magic


You had 3 spell levels left.
You knew the following spells:

 Your Spells              Type           Power      Damage    Failure   Level
a - Freeze                Ice            52%        1d7       4%          1

Your spell library contained the following spells:

 Spells                   Type           Power      Damage    Failure   Level
 Frozen Ramparts          Ice            26%        1d4       13%         3
 Ozocubu's Armour         Ice            13%        N/A       13%         3
 Hailstorm                Conj/Ice       7%         3d4       67%         4


Dungeon Overview and Level Annotations

Branches:
Dungeon (1/15)

Altars:


Message History

The rat barely misses you.
You hit the rat but do no damage. Your punch misses the rat.
The bat hits you but does no damage. The ball python closely misses you. x2
The rat bites you but does no damage.
You closely miss the ball python. The ball python closely misses you.
The ball python misses you. The bat hits you.
The ball python closely misses you. The ball python grabs you.
The ball python constricts you.
The rat twitches its whiskers.
The rat bites you but does no damage.
You barely miss the rat. The bat misses you. The ball python bites you.
The ball python constricts you. The rat barely misses you.
You escape the ball python's grasp.
The bat closely misses you.
There are monsters nearby!
The rat attacks as you move away! The rat bites you but does no damage.
The ball python barely misses you. The ball python closely misses you.
You barely miss the bat.
The bat is heavily wounded.
The bat hits you but does no damage. The ball python bites you.
The ball python barely misses you. The rat barely misses you.
You closely miss the ball python. The bat hits you but does no damage.
The ball python bites you. The ball python closely misses you.
The rat bites you.
* * * LOW HITPOINT WARNING * * *
The ball python attacks as you move away!
The ball python bites you.
* * * LOW HITPOINT WARNING * * *
The ball python barely misses you.
There are monsters nearby!
There are monsters nearby!
The ball python attacks as you move away!
The ball python completely misses you. The ball python barely misses you.
The bat hits you but does no damage.
You barely miss the ball python. The bat completely misses you.
The ball python bites you but does no damage.
The ball python grabs you. The ball python constricts you.
The ball python barely misses you. The ball python constricts you.
You hit the ball python but do no damage.
Your punch misses the ball python. The ball python bites you.
You die...

### #.. ...P ##...# #.#
#..P♣ #.....# #.##..P♣♣♣
.#.
.......##.#[P..PP♣♣P..
.............P...PP..###
......#...............
.....##.......P...#.# .
#.rSb.PP...P....#
#..@PPPPP.P♣.P..###
#.PP♣..♣P<.PP♣P....
#....P♣♣PP..PP.#
##...PPP♣♣P....#
##....PPP....##
###.........#
##.........# +.........+
#.........#


You could see a bat, a ball python and a rat.

Vanquished Creatures
  A frilled lizard (D:1)
1 creature vanquished.

Notes
Turn   | Place    | Note
-------+----------+-------------------------------------------
     0 | D:1      | DantalionR the Human Ice Elementalist began the quest for
                  | the Orb.
     0 | D:1      | Reached XP level 1. HP: 13/13 MP: 3/3
    45 | D:1      | Slain by a ball python

Illustrated notes

Levels and vault maps discovered:
D:1:      spicycebolla_arrival_clurvy, layout_loops_corners

Action                   || total
-------------------------++-------
Melee: Unarmed           ||    11
 Cast: Freeze            ||     3
Armor: Robe              ||    11
Dodge: Dodged            ||    28
